 Dungeon Crawl Stone Soup version 0.29-a0-356-g7bc237e783 (console) character file.

Game seed: 7822137450677185489

77 petzl the Vexing (level 4, 0/31 (33) HPs)
             Began as a Formicid Arcane Marksman on Apr 23, 2022.
             Slain by an adder (1 damage)
             ... on level 4 of the Dungeon on Apr 26, 2022.
             The game lasted 00:06:00 (2788 turns).

petzl the Vexing (Formicid Arcane Marksman)         Turns: 2788, Time: 00:06:01

HP:   0/31 (33)     AC:  3    Str: 14 (15) XL:     4   Next: 58%
MP:   6/6           EV: 11    Int: 12 (14) God:
Gold: 100           SH:  0    Dex:  8 (11) Spells: 5/6 levels left

rFire   . . .      SeeInvis +   a - +0 demon blade (elec)
rCold   . . .      Faith    .   (no shield)
rNeg    . . .      Spirit   .   i - +0 leather armour
rPois   .          Reflect  .   (helmet unavailable)
rElec   .          Harm     .   (no cloak)
rCorr   +          Rampage  .   (no gloves)
Will    .....                   (no boots)
Stlth   +.........              (no amulet)
HPRegen 0.10/turn               w - ring of resist corrosion
MPRegen 0.10/turn               (no ring)

@: drained
A: permanent stasis, dig shafts and tunnels, antennae 3, four strong arms
a: Dig, Shaft Self


You were on level 4 of the Dungeon.
You visited 1 branch of the dungeon, and saw 4 of its levels.

You collected 100 gold pieces.

Inventory:

Hand Weapons
 a - a +0 demon blade of electrocution (weapon)
 b - a +0 hand crossbow
Armour
 i - a +0 leather armour (worn)
 t - a +0 robe
Jewellery
 o - a ring of fire
 w - a ring of resist corrosion (left hand)
Scrolls
 c - a scroll of vulnerability
 e - a scroll of torment {unknown}
 f - 2 scrolls of fog {unknown}
 k - a scroll of enchant weapon {unknown}
 l - a scroll of holy word {unknown}
 p - 2 scrolls of identify {unknown}
 r - 2 scrolls of teleportation {unknown}
 s - a scroll of silence {unknown}
 u - a scroll of enchant armour {unknown}
 v - a scroll of brand weapon {unknown}
Potions
 d - a potion of mutation {unknown}
 g - 2 potions of degeneration
 h - a potion of curing {unknown}
 j - a potion of attraction {unknown}
 m - 3 potions of magic
 n - a potion of haste {unknown}
 q - a potion of heal wounds {unknown}


   Skills:
 + Level 2.0 Fighting
 + Level 2.4 Crossbows
 + Level 1.4 Armour
 + Level 2.3 Dodging
 + Level 2.0 Stealth
 + Level 1.8 Spellcasting
 - Level 3.6 Hexes


You had 5 spell levels left.
You knew the following spells:

 Your Spells              Type           Power      Damage    Failure   Level
a - Slow                  Hex            36%        N/A       8%          1

Your spell library contained the following spells:

 Spells                   Type           Power      Damage    Failure   Level
 Ensorcelled Hibernation  Hex/Ice        10%        N/A       24%         2
 Inner Flame              Hex/Fire       5%         N/A       43%         3
 Portal Projectile        Hex/Tloc       10%        N/A       43%         3
 Passwall                 Tmut/Erth      0%         N/A       45%         2
 Cause Fear               Hex            4%         N/A       61%         4
 Ignite Poison            Fire/Tmut/Pois 1%         N/A       71%         3
 Mephitic Cloud           Conj/Pois/Air  1%         N/A       71%         3
 Freezing Cloud           Conj/Ice/Air   0%         6-21      100%        5
 Dispersal                Tloc           0%         N/A       100%        6
 Disjunction              Tloc           0%         N/A       100%        8
 Swiftness                Air            Unusable   N/A       N/A         3

Dungeon Overview and Level Annotations

Branches:
Dungeon (3/15)

Altars:

Annotations:
D:3 Ijyb


Innate Abilities, Weirdness & Mutations

You cannot be hasted, slowed, berserked, paralysed or teleported.
You can dig through walls and to a lower floor.
You have a pair of large antennae on your head. (SInv)
Your four strong arms can wield two-handed weapons with a shield.


Message History

* * * LOW HITPOINT WARNING * * *
You begin to dig a shaft.
You continue digging a shaft.
Ijyb hits you with a +0 club.
* * * LOW HITPOINT WARNING * * *
A shaft appears beneath you!
You fall into a shaft and drop 1 floor!
The shaft crumbles and collapses.
The adder hisses angrily.
The endoplasm quivers.
Found a scroll labelled CASOW UKLYLU.
The endoplasm attacks as you move away! The endoplasm misses you.
The kobold shouts!
The endoplasm attacks as you move away!
The endoplasm hits you but does no damage.
Casting: Slow (safe; 7% risk of failure)
Confirm with . or Enter, or press ? or * to list all spells.
Aiming: Slow (safe; 7% risk of failure)
Press: ? - help, Shift-Dir - straight line, f - endoplasm
Aim: an endoplasm (chance to affect: 67%)
The endoplasm struggles to resist.
The endoplasm hits you but does no damage.
You slash the endoplasm!
You kill the endoplasm!
The adder misses you.
Your Fighting skill increases to level 2!
Casting: Slow (safe; 7% risk of failure)
Confirm with . or Enter, or press ? or * to list all spells.
Aiming: Slow (safe; 7% risk of failure)
Press: ? - help, Shift-Dir - straight line, f - adder
Aim: an adder (chance to affect: 58%)
The adder seems to slow down.
The adder bites you.
* * * LOW HITPOINT WARNING * * *
It was a potion of degeneration.
There was something very wrong with that liquid.
You feel weakened.
You feel dopey.
You feel clumsy.
You closely miss the adder. The adder bites you but does no damage.
It was a potion of magic.
Magic courses through your body. The adder bites you.
* * * LOW HITPOINT WARNING * * *
You barely miss the adder. The adder bites you.
You die...

#.# #.# #.#######
###........
..K.......
#.........
#.........
#.........
#.........
#########.........
.......@SK...?####
##########.##.#
#.# ..# #.# .# #.#
.. .# .#


You could see an adder (slow) and a kobold.

Vanquished Creatures
  2 gnolls (D:3)
  An adder (D:3)
  A worm (D:2)
  A dart slug (D:1)
  3 bats
  3 endoplasms
  2 giant cockroaches (D:3)
  3 goblins
  4 hobgoblins
  3 jackals (D:1)
  2 quokkas
  7 ball pythons
  A frilled lizard (D:1)
  2 kobolds
  6 rats
41 creatures vanquished.

Notes
Turn   | Place    | Note
-------+----------+-------------------------------------------
     0 | D:1      | petzl the Formicid Arcane Marksman began the quest for the
                  | Orb.
     0 | D:1      | Reached XP level 1. HP: 15/15 MP: 2/2
    94 | D:1      | Found a faded altar of an unknown god.
   126 | D:1      | Reached XP level 2. HP: 9/21 MP: 0/3
   312 | D:1      | Reached skill level 1 in Stealth
   688 | D:1      | Reached XP level 3. HP: 26/26 MP: 5/5
  1327 | D:2      | Reached skill level 1 in Armour
  2359 | D:3      | Upgraded the game from 0.29-a0-352-g0917bc69df to
                  | 0.29-a0-356-g7bc237e783
  2486 | D:3      | Reached XP level 4. HP: 18/32 MP: 3/6
  2761 | D:3      | Noticed Ijyb
  2777 | D:3      | You fall into a shaft and drop 1 floor!
  2784 | D:4      | HP: 1/31 [adder (3)]
  2788 | D:4      | Slain by an adder

Illustrated notes

Levels and vault maps discovered:
D:1:      mrwooster_arrival_statue_2, layout_basic, basic_ecumenical_altar,
          serial_rivers, chequers_serial_rivers_room_a,
          chequers_serial_rivers_room_a, chequers_serial_rivers_room_b,
          chequers_serial_rivers_micro_a, minivault_5, minmay_misc_feat_tower
D:2:      layout_loops_ring
D:3:      layout_basic, uniq_ijyb
D:4:      layout_basic, grunt_dithmenos_smoke

Skill      XL: |  1  2  3  4 |
---------------+-------------+-----
Stealth        | 1 2 |  2.0
Dodging        | 2 |  2.3
Armour         | 1 |  1.4
Fighting       | 2 |  2.0
Crossbows      | |  2.4
Spellcasting   | |  1.8
Hexes          | |  3.6

Action                   |  1- 3 |  4- 6 || total
-------------------------+-------+-------++-------
Melee: Demon blade       |     7 |     8 ||    15
 Fire: Hand crossbow     |   105 |    15 ||   120
 Cast: Slow              |     7 |     6 ||    13
 Abil: Dig               |     1 |     1 ||     2
       Shaft Self        |       |     1 ||     1
  Use: Potion            |       |     2 ||     2
Armor: Robe              |     3 |       ||     3
       Leather armour    |     6 |     4 ||    10
Dodge: Dodged            |    25 |    15 ||    40

Table legend: (Time is in decaauts)
 A = Elapsed time spent in this place.
 B = Non-inter-level travel time spent in this place.
 C = Inter-level travel time spent in this place.
 D = Time resting spent in this place.
 E = Time spent auto-exploring this place.
 F = Levels seen in this place.
 G = Mean time per level.
                   A        B        C        D        E       F      G
               +--------+--------+--------+--------+--------+-----+--------+
         Total |   2838 |   2688 |    150 |    622 |   1663 |   4 |  709.5 |
       Dungeon |   2838 |   2688 |    150 |    622 |   1663 |   4 |  709.5 |
               +--------+--------+--------+--------+--------+-----+--------+

Top non-repeatable levels by time:
     D:1: 1299 daAuts
     D:2: 1026 daAuts
     D:3: 501 daAuts
     D:4: 11 daAuts
